Unix NetHack Version 3.7.0-86 Work-in-progress - last build May 30 2023 01:50:43 (cc98dc9aa62a9957b082a042edf5bd7ec9f632c7,branch:master). Game began 2023-06-06 18:03:07, ended 2023-06-16 21:19:32. Boxo, chaotic female elven Wizard ------------------ ---------- -------------------- --|....%...|.......| |.....|.*.| |.|.............|?.. |^-..---*|.| |.|.|.--- |...|.|+|"--|.|.|.-...{.---.|.| |-|..|...|.|.|.|.|...| |...|.[.|...|...|.......|...|.| |^-..|.---.|.|.---.|^----- ---------"---%|.---------.|...|.--- --|..|.|.....|.....|.....| |.......|...|.......|..[..|.......| --.---|.|.---.---------...--|.---.-.|"----------|^.-.-|...---"----- |.........|.....|.|.........|...|...|.|........^|.... |...|.......|. |--.---.--|.....|.|+|.|...-.|.--|.---.|........*|.|.--|%---.-----.|.--- |...|...|.|..{..|.|.|.|.......| |.|.......%<......|...|.....| |.|%..| |.|.|.---.|.?...|.|.---.......--|.|.--|....+....|----.|.----- |.|@--- |.|.|.....|.....|.|.............|...|.|?........|.....|.| |.|.| |.|.|----.---.---.|.......---.-------.|----------l---.|-- ---.|.| |[|.| |.........|...........| |.|...|.....|*....|.|.| |...|.| |*|-- |.-----.---.|.---...-------.|.|.|.---.|.----|.|.| |.---B-- |.|.. |.........|+|..*...*..*.|..?..|.....|...|.^.|...| |....... |.|.---...-----.|.|.---------.|...-----[-.|----*|.|.--- |.------ |.............|...[...| |............?........|...| .. ----------------------- --------------------------- Boxo the Magician St:13 Dx:16 Co:16 In:20 Wi:9 Ch:10 Chaotic S:27333 Dlvl:12 $:0 HP:47(57) Pw:31(94) AC:2 Xp:10/6371 T:13186 Deaf Latest messages: In what direction? The aklys named !c hits the quivering blob! The aklys named !c returns to your hand! What do you want to throw? [f or ?*] In what direction? The aklys named !c hits the quivering blob! The aklys named !c returns to your hand! The vampire bat bites! The vampire bat bites again! What do you want to use or apply? [egloqrx-zO-QW or ?*] Improvise? [ynq] (q) You start playing your bugle named <<. You blow into the bugle. The vampire bat turns to flee. What do you want to throw? [f or ?*] In what direction? The aklys named !c hits the quivering blob! The aklys named !c returns to your hand! What do you want to throw? [f or ?*] In what direction? The aklys named !c hits the quivering blob. The aklys named !c returns to your hand! What do you want to throw? [f or ?*] In what direction? The aklys named !c hits the quivering blob! The aklys named !c returns to your hand! What do you want to use or apply? [egloqrx-zO-QW or ?*] Improvise? [ynq] (q) You start playing your bugle named <<. You blow into the bugle. The quivering blob touches you! The vampire bat just misses! The vampire bat just misses! What do you want to use or apply? [egloqrx-zO-QW or ?*] Improvise? [ynq] (q) You start playing your bugle named <<. You blow into the bugle. What do you want to throw? [f or ?*] In what direction? The aklys named !c hits the quivering blob. The aklys named !c returns to your hand! In what direction? What a strange direction! You kill the quivering blob! Really quit? [yn] (n) Do you want your possessions identified? [ynq] (y) Do you want to see your attributes? [ynq] (y) Do you want an account of creatures vanquished? [ynaq] (y) Do you want to see your conduct and achievements? [ynq] (y) Do you want to see the dungeon overview? [ynq] (y) Inventory: Rings d - an uncursed ring of slow digestion (on right hand) Armor t - an uncursed +0 dented pot named 0!c (being worn) k - an uncursed +0 pair of leather gloves (being worn) n - an uncursed +0 pair of iron shoes named !c (being worn) b - an uncursed +0 cloak of magic resistance (being worn) u - an uncursed +0 studded leather armor named !c (being worn) Weapons f - a +0 aklys named !c (tethered weapon in hand) Tools q - an uncursed bag of holding containing 22 items r - an empty uncursed bag of holding named dump y - an uncursed bugle named << P - an uncursed blindfold named uc << l - an uncursed brass lantern named p << (lit) e - a +0 pick-axe named !c << x - an uncursed skeleton key named << z - a +0 unicorn horn named << Wands o - a wand of cold named 2 (0:2) g - a wand of striking named 0? (0:4) W - a wand of teleportation named 3 (0:2) Gems/Stones L - an uncursed emerald S - 2 uncursed worthless pieces of yellowish brown glass O - 2 uncursed flint stones Q - an uncursed luckstone Contents of the bag of holding: 1239 gold pieces an uncursed +1 ring of gain strength an uncursed +1 ring of gain strength an uncursed +0 ring of increase accuracy named canc an uncursed +0 ring of increase damage named canc an uncursed ring of invisibility named canc an uncursed ring of levitation named canc an uncursed ring of polymorph named canc a blessed +0 mummy wrapping named 0 !c 65 poisoned +0 darts named 0 a +0 aklys named 0-? a blessed brass lantern named << an uncursed mirror named << an uncursed oil lamp named - an uncursed potion of gain level an uncursed potion of healing a wand of create monster named 0 (0:11) a wand of secret door detection named 2 (0:9) 2 uncursed diamonds an uncursed emerald an uncursed jacinth stone 2 uncursed rubies Boxo the Wizard's attributes: Background: You were a Magician, a level 10 female elven Wizard. You were chaotic, nominally on a mission for Anhur who was opposed by Ptah (lawful) and Thoth (neutral). You were in the Gnomish Mines, on level 12. You entered the dungeon 13186 turns ago. You had 6371 experience points, 3629 more were needed to attain level 11. Your score was 27333 before end-of-game adjustments. Basics: You had 47 out of 57 hit points. You had 31 out of 94 energy points (spell power). Your armor class was 2. Your wallet was empty, but you had 1239 zorkmids stashed away in your pack. Autopickup was off. Final Characteristics: Your strength was 13 (limit:18). Your dexterity was 16 (limit:18). Your constitution was 16 (limit:16). Your intelligence was 20 (limit:20). Your wisdom was 9 (limit:20). Your charisma was 10 (limit:18). Final Status: You were deaf. You were not hungry. You were unencumbered. You were wielding a club. You were skilled in club. Final Attributes: You were piously aligned. You were magic-protected. You were sleep resistant. You had infravision. You had slower digestion. You were warded. You were fast. You were lucky. You had extra luck. Bad luck did not time out for you. Good luck did not time out for you. You survived. Miscellaneous: You disabled loading of bones levels. Total elapsed playing time was 9 hours, 15 minutes and 9 seconds. Major events: Turn 1: Boxo the chaotic female elven Wizard entered the dungeon 662: attained the rank of Conjurer (level 3) 1026: entered the Gnomish Mines 1949: attained the rank of Thaumaturge (level 6) 2222: reached Mine Town 6393: entered Sokoban 6702: completed 1st Sokoban level 7479: completed 2nd Sokoban level 7951: completed 3rd Sokoban level 9289: completed 4th Sokoban level 10141: acquired the Sokoban bag of holding 11078: attained the rank of Magician (level 10) 12823: acquired the Mines' End luckstone 13186: quit Vanquished creatures: a black pudding 2 giant mimics a stalker a fire elemental 2 giant zombies a sergeant an ettin mummy a quantum mechanic a wood golem a freezing sphere a shocking sphere a dwarf ruler 4 tengu 2 ochre jellies a leocrotta 2 human mummies a pit viper a Grey-elf a chameleon a crocodile a quivering blob 2 cockatrices a winter wolf cub a panther 3 leprechauns an iron piercer a mumak a scorpion a black light 3 gnome rulers an orc mummy a dwarf mummy 3 owlbears a gold golem a lizard a chickatrice a dingo 2 dwarf leaders 4 blue jellies a white unicorn 2 dust vortices 2 plains centaurs 2 gnome mummies 2 snakes 2 apes 3 human zombies 3 soldier ants an imp a quasit a water nymph a mountain nymph an Uruk-hai 2 orc shamans a rock piercer a rock mole a pony 2 fog clouds 6 yellow lights a violet fungus 17 gnome leaders 4 gnomish wizards a kobold mummy 2 elf zombies a ghoul 4 straw golems 7 giant ants 6 floating eyes 2 kittens 15 dwarves a homunculus a kobold leader a kobold shaman 8 hill orcs 11 rothes a rabid rat 2 giant bats a monkey 2 orc zombies a dwarf zombie 4 iguanas 4 killer bees an acid blob 2 coyotes 7 hobbits a large kobold a hobgoblin 2 giant rats 14 cave spiders a brown mold a yellow mold 56 gnomes 5 garter snakes 3 gnome zombies 9 geckos 4 jackals 2 foxes a kobold 3 goblins 7 grid bugs 2 bats 5 lichens 2 kobold zombies 4 newts 322 creatures vanquished. No species were genocided or became extinct. Voluntary challenges: You were deaf from birth. You went without food. You were an atheist. You were illiterate. You never engraved Elbereth. You never had a pet. You never genocided any monsters. You never polymorphed an object. You never changed form. You used no wishes. You did not violate any of the special Sokoban rules. Achievements: You entered a shop. You attained the rank of Conjurer. You entered the Gnomish Mines. You attained the rank of Thaumaturge. You entered Minetown. You entered Sokoban. You completed Sokoban. You attained the rank of Magician. You completed the Gnomish Mines. The Dungeons of Doom: levels 1 to 8 Level 1: Level 2: A general store. Level 3: Some sinks. Stairs down to The Gnomish Mines. Level 4: A general store, a fountain. Level 5: Level 6: Some fountains. Level 7: Level 8: A fountain. Stairs up to Sokoban, level 7. The Gnomish Mines: levels 4 to 12 Level 4: Level 5: Level 6: Level 7: Many shops, an altar to Anhur, some fountains. Level 8: Level 9: Level 10: Level 11: Level 12: <- You were here. Some fountains. Sokoban: levels 7 up to 4 Level 4: Solved. Level 5: Solved. Level 6: Solved. Level 7: Solved. Goodbye Boxo the Wizard... You quit in The Gnomish Mines on dungeon level 12 with 27333 points, and 1239 pieces of gold, after 13186 moves. You were level 10 with a maximum of 57 hit points when you quit.